 Dungeon Crawl Stone Soup version 0.28-a0-514-g0d7ab7f379 (webtiles) character file.

Game seed: 6445878235927328346

2755 meatgazer the Agent of Entropy (level 9, -2/73 HPs)
             Began as a Hill Orc Abyssal Knight on Sept 22, 2021.
             Was a Priest of Lugonu.
             Slain by a yak (6 damage)
             ... on level 10 of the Dungeon.
             The game lasted 00:09:25 (7660 turns).

meatgazer the Agent of Entropy (HOAK)               Turns: 7660, Time: 00:09:26

Health: -2/73      AC:  7    Str: 18    XL:     9   Next: 68%
Magic:  17/17      EV: 11    Int: 11    God:    Lugonu [***...]
Gold:   314        SH:  0    Dex: 17    Spells: 8/8 levels left

rFire   . . .      SeeInvis .   a - +3 hand axe
rCold   . . .      Faith    .   (no shield)
rNeg    + . .      Spirit   .   b - +0 leather armour
rPois   .          Reflect  .   f - +2 helmet
rElec   .          Harm     .   (no cloak)
rCorr   .          Rampage  .   (no gloves)
Will    .....                   d - +0 pair of boots
Stlth   +.........              (no amulet)
HPRegen 0.22/turn               g - +6 ring of dexterity
MPRegen 0.15/turn               l - ring of positive energy

@: mighty
A: frail 1
a: Renounce Religion, Depart the Abyss, Bend Space, Banish


You were on level 10 of the Dungeon.
You worshipped Lugonu.
Lugonu was most pleased with you.
You visited 1 branch of the dungeon, and saw 8 of its levels.
You visited the Abyss 1 time.

You collected 314 gold pieces.

Inventory:

Hand Weapons
 a - a +3 hand axe (weapon)
Armour
 b - a +0 leather armour (worn)
 d - a +0 pair of boots (worn)
 f - a +2 helmet (worn)
Jewellery
 c - a ring of fire
 g - a +6 ring of dexterity (left hand)
 l - a ring of positive energy (right hand)
Wands
 h - a wand of flame (16)
Scrolls
 e - a scroll of immolation
 m - 3 scrolls of identify


   Skills:
 + Level 8.6 Fighting
 + Level 10.0 Axes
 - Level 2.1 Armour
 - Level 0.7 Dodging
 * Level 11.3 Invocations


You had 8 spell levels left.
You didn't know any spells.
Your spell library contained the following spells:

 Spells                   Type           Power      Damage    Failure   Level
 Foxfire                  Conj/Fire      0%         2x1d4     38%         1
 Blink                    Tloc           N/A        N/A       54%         2
 Conjure Flame            Conj/Fire      0%         6-21      77%         3
 Inner Flame              Hex/Fire       0%         N/A       77%         3
 Flame Wave               Conj/Fire      0%         3d3       99%         4
 Manifold Assault         Tloc           0%         N/A       100%        5
 Storm Form               Tmut/Air       0%         N/A       100%        7


Dungeon Overview and Level Annotations

Branches:
Dungeon (7/15)             Temple (0/1) D:5

Altars:
Elyvilon
Kikubaaqudgha
Qazlal
Ru
Sif Muna
Yredelemnul

Shops:
D:3 =

Annotations:
Abyss:1 Blork the orc, Dowan, Sigmund


Innate Abilities, Weirdness & Mutations

You are frail. (-10% HP)


Message History

The magic dart hits you but does no damage.
The orc priest invokes the aid of Beogh against you.
You are unaffected.
The yak gores you! Something hits you but does no damage.
The orc priest hits you but does no damage.
You miss the orc priest.
The orc priest is severely wounded.
You miss something. You closely miss the yak. The yak gores you.
Something hits you but does no damage.
The orc priest mumbles some strange prayers to Beogh against you.
Beogh smites you! The yak closely misses you. Something hits you.
The orc priest shouts, "Join the one true god or die!"
The orc priest hits you with a +0 flail.
You bump into the rock wall.
You feel less confused. The yak gores you but does no damage.
Something hits you but does no damage.
The orc priest calls down the wrath of Beogh upon you.
Beogh smites you!
* * * LOW HITPOINT WARNING * * *
You slash something! Lugonu accepts your kill.
Reactivating autopickup.
You feel a bit more experienced.
You hit the orc priest. You barely miss the yak. The yak gores you!
* * * LOW HITPOINT WARNING * * *
You slash the orc priest!
You kill the orc priest!
Lugonu accepts your kill.
You hit the yak. The yak misses you.
You barely miss the yak.
The yak is lightly wounded.
You hit the yak.
The yak is moderately wounded.
The yak gores you.
* * * LOW HITPOINT WARNING * * *
You slash the yak!
The yak is severely wounded.
The yak gores you.
You die...

############
...........####
..............#
...........>..#
......).......#
......)@Y.....########
..#########...........
#...........
#...........
#...........
#...........
#Y..........
#...........
#.###+###...


You could see a yak.

Vanquished Creatures
  Menkaure (D:6)
  An acid dragon (D:6)
  2 water moccasins (D:5)
  Duvessa (D:6)
  An ice beast (D:6)
  3 necrophages
  5 scorpions
  A centaur zombie (D:6)
  2 jellies (D:4)
  3 hounds
  A centaur skeleton (D:5)
  An orc priest (D:10)
  6 iguanas
  2 orc wizards (D:10)
  Robin (D:3)
  8 adders
  2 white imps (D:6)
  2 worms
  2 dart slugs (D:1)
  5 orcs
  9 ball pythons
  10 endoplasms
  2 giant cockroaches
  14 goblins
  12 hobgoblins
  2 jackals (D:1)
  6 quokkas
  7 bats
  5 frilled lizards
  10 kobolds
  7 rats
134 creatures vanquished.

Vanquished Creatures (others)
  4 fungi (D:4)
4 creatures vanquished.

Grand Total: 138 creatures vanquished

Notes
Turn   | Place    | Note
-------+----------+-------------------------------------------
     0 | Abyss:1  | meatgazer the Hill Orc Abyssal Knight began the quest for
                  | the Orb.
     0 | Abyss:1  | Reached XP level 1. HP: 19/19 MP: 2/2
    70 | Abyss:2  | Found a corrupted altar of Lugonu.
   106 | Abyss:2  | Noticed an orange demon
   106 | Abyss:2  | Noticed a large abomination
   111 | D:1      | Escaped the Abyss
   234 | D:1      | Reached XP level 2. HP: 27/27 MP: 4/4
   422 | D:1      | Reached skill level 3 in Invocations
   456 | D:1      | Reached XP level 3. HP: 31/33 MP: 5/5
   591 | D:1      | Reached ** piety under Lugonu
   595 | D:1      | Found a faded altar of an unknown god.
   867 | D:2      | Reached XP level 4. HP: 24/40 MP: 6/6
  1362 | D:2      | You fall into a shaft and drop 2 floors!
  1593 | D:3      | Found Onetry's Jewellery Shop.
  1624 | D:3      | Reached *** piety under Lugonu
  1636 | D:3      | Found a stormy altar of Qazlal.
  1761 | D:3      | Noticed Robin
  1788 | D:3      | Reached skill level 5 in Axes
  1791 | D:3      | Killed Robin
  1792 | D:3      | Reached XP level 5. HP: 20/47 MP: 7/7
  2031 | D:3      | You fall into a shaft and drop 2 floors!
  2031 | D:5      | Entered Level 5 of the Dungeon
  2053 | D:5      | Reached skill level 4 in Invocations
  2272 | D:5      | Found a staircase to the Ecumenical Temple.
  2306 | D:5      | Noticed a water moccasin
  2315 | D:5      | Killed a water moccasin
  2316 | D:5      | Reached skill level 5 in Fighting
  2316 | D:5      | Reached XP level 6. HP: 33/56 MP: 9/9
  2936 | D:5      | Reached skill level 5 in Invocations
  2970 | D:4      | Found a basalt altar of Yredelemnul.
  3287 | D:2      | Reached XP level 7. HP: 61/61 MP: 10/10
  3558 | D:2      | Gained mutation: You are frail. (-10% HP) [potion of
                  | mutation]
  3931 | D:3      | Found a sacrificial altar of Ru.
  4678 | D:4      | Found a shimmering blue altar of Sif Muna.
  4725 | D:4      | Found a white marble altar of Elyvilon.
  5282 | D:5      | Reached skill level 6 in Invocations
  5353 | D:5      | Noticed Sigmund
  5354 | D:5      | Banished Sigmund
  5355 | D:5      | Reached skill level 7 in Invocations
  5355 | D:5      | Reached XP level 8. HP: 63/63 MP: 7/13
  5588 | D:5      | Found an ancient bone altar of Kikubaaqudgha.
  5629 | D:5      | Noticed Blork the orc
  5633 | D:5      | Banished Blork the orc
  6102 | D:5      | Reached skill level 8 in Invocations
  6442 | D:6      | Noticed Menkaure
  6452 | D:6      | Killed Menkaure
  6804 | D:6      | Noticed a boulder beetle
  6806 | D:6      | Noticed Dowan
  6807 | D:6      | Banished a boulder beetle
  6808 | D:6      | Reached skill level 10 in Invocations
  6808 | D:6      | Reached XP level 9. HP: 59/72 MP: 10/16
  6808 | D:6      | Noticed Duvessa
  6815 | D:6      | Killed Duvessa
  6823 | D:6      | Banished Dowan
  7318 | D:6      | Reached skill level 11 in Invocations
  7587 | D:7      | Reached skill level 10 in Axes
  7594 | D:7      | You fall into a shaft and drop 3 floors!
  7594 | D:10     | Entered Level 10 of the Dungeon
  7660 | D:10     | Slain by a yak

Illustrated notes

Levels and vault maps discovered:
D:1:      heliophobic_arrival_enchanted_forest, layout_rooms,
          shapermc_ecumenical_altar_acropolis, minmay_misc_feat_tiny
D:2:      layout_basic
D:3:      layout_basic, nicolae_qazlal_eye_of_the_storm,
          mainiacjoe_overflow_alcove_2, portal_sewer_entry_d, serial_shops,
          nicolae_shop_trees, uniq_robin
D:4:      layout_gridville, amcnicky_altar_gilded,
          mainiacjoe_overflow_cross_hatched, lemuel_crystal_altar,
          hangedman_abyss_or_decor_slice, kennysheep_generic_room_2
D:5:      layout_loops_ring, mainiacjoe_overflow_24_doors,
          minmay_temple_entry_glassed_door, minmay_tree_intersection,
          minmay_between, uniq_sigmund, uniq_blork_the_orc
D:6:      layout_basic, nicolae_overflow_hidden_temple, corexii_corridor_pit,
          uniq_menkaure, uniq_duvessa
D:7:      layout_gridville, biasface_ghost_orc_armoury
D:10:     layout_irregular_city, uniq_maggie

Skill      XL: |  1  2  3  4  5  6  7  8  9 |
---------------+----------------------------+-----
Axes           | 3 4 5 6 7 9 10 | 10.0
Invocations    | 3 4 5 7 10 11 | 11.3
Fighting       | 4 5 6 8 |  8.6
Armour         | |  2.1
Dodging        | |  0.7

Action                   |  1- 3 |  4- 6 |  7- 9 || total
-------------------------+-------+-------+-------++-------
Melee: Hand axe          |    93 |   155 |   175 ||   423
Invok: Banish            |       |       |     4 ||     4
  Use: Scroll            |       |     6 |     6 ||    12
       Potion            |       |       |     8 ||     8
 Stab: Sleeping          |     1 |     1 |     1 ||     3
Armor: Leather armour    |    39 |    43 |    60 ||   142
Dodge: Dodged            |    55 |    93 |    74 ||   222

Table legend: (Time is in decaauts)
 A = Elapsed time spent in this place.
 B = Non-inter-level travel time spent in this place.
 C = Inter-level travel time spent in this place.
 D = Time resting spent in this place.
 E = Time spent auto-exploring this place.
 F = Levels seen in this place.
 G = Mean time per level.
                   A        B        C        D        E       F      G
               +--------+--------+--------+--------+--------+-----+--------+
         Total |   7660 |   7424 |    236 |   1803 |   4703 |  10 |  766.0 |
       Dungeon |   7549 |   7313 |    236 |   1803 |   4625 |   8 |  943.6 |
         Abyss |    110 |    110 |      0 |      0 |     78 |   2 |   55.0 |
               +--------+--------+--------+--------+--------+-----+--------+

Top non-repeatable levels by time:
     D:5: 2016 daAuts
     D:6: 1244 daAuts
     D:3: 1202 daAuts
     D:2: 1200 daAuts
     D:4: 1166 daAuts
     D:1: 640 daAuts
    D:10: 64 daAuts
 Abyss:1: 64 daAuts
 Abyss:2: 46 daAuts
     D:7: 13 daAuts
